 Dungeon Crawl Stone Soup version 0.19.0-19-g8c6edcc (webtiles) character file.

54 MaikelOrtega the Digger (level 3, -33/19 HPs)
             Began as a Gargoyle Earth Elementalist on Nov 14, 2016.
             Killed from afar by a ball python (44 damage)
             ... with an exploding inner flame
             ... hexed by the player character
             ... on level 2 of the Dungeon.
             The game lasted 00:22:51 (1295 turns).

MaikelOrtega the Digger (GrEE)                      Turns: 1295, Time: 00:22:59

Health: -33/19     AC:  5    Str: 11    XL:     3   Next: 91%
Magic:  1/7        EV: 12    Int: 16    God:
Gold:   98         SH:  0    Dex: 10    Spells: 2 memorised, 4 levels left

rFire  . . .     SeeInvis .     z - +1 dagger (drain)
rCold  . . .     Gourm    .     y - +0 robe
rNeg   + . .     Faith    .     (no shield)
rPois  ∞         Spirit   .     (no helmet)
rElec  +         Reflect  .     (no cloak)
rCorr  .         Harm     .     (no gloves)
MR     .....                    (no boots)
Stlth  ++........               (no amulet)
                                (no ring)
                                (no ring)

@: no status effects
A: negative energy resistance 1, electricity resistance, unbreathing,
petrification resistance, rot immunity, AC +3
a: no special abilities


You were on level 2 of the Dungeon.
You were not hungry.

You visited 1 branch of the dungeon, and saw 2 of its levels.

You collected 98 gold pieces.

Inventory:

Hand Weapons
 g - a +0 dagger
 i - a +0 club
 k - a +0 club
 m - a cursed -1 club
 q - a +0 dagger
 u - a +0 dagger
 w - a +0 club
 x - a +0 club
 z - a +1 dagger of draining (weapon)
Missiles
 b - 16 stones (quivered)
 f - 94 arrows
 p - 14 sling bullets
Armour
 c - a +0 robe
 l - a +0 robe
 y - a +0 robe (worn)
 A - a +0 plate armour
Jewellery
 r - a cursed ring of loudness {unknown}
Scrolls
 a - a scroll of recharging
 n - a scroll of magic mapping {unknown}
 t - a scroll of fear {unknown}
Potions
 j - a potion of cure mutation {unknown}
 o - a potion of beneficial mutation {unknown}
 v - a potion of magic {unknown}
Books
 e - a book of Geomancy

   Spells                             Type                      Level
   a - Sandblast                      Earth                        1
   b - Passwall                       Transmutation/Earth          2
   c - Stone Arrow                    Conjuration/Earth            3
   d - Petrify                        Transmutation/Earth          4
   e - Lee's Rapid Deconstruction     Earth                        5
Comestibles
 d - 2 bread rations


   Skills:
 * Level 0.2 Fighting
 * Level 1.0 Short Blades
 + Level 0.3 Throwing
 + Level 1.7 Dodging
 + Level 2.2 Stealth
 + Level 2.6 Spellcasting
 + Level 0.8 Transmutations
 + Level 4.3 Earth Magic


You had 4 spell levels left.
You knew the following spells:

 Your Spells              Type           Power        Failure   Level  Hunger
a - Sandblast             Erth           ###...       3%          1    #......
b - Passwall              Tmut/Erth      ##........   12%         2    ##.....


Dungeon Overview and Level Annotations

Branches:
Dungeon (2/15)

Altars:
Xom


Innate Abilities, Weirdness & Mutations

You are resistant to torment.
Your stone body is resilient. (AC +3)
You are immune to poison.
You resist negative energy. (rN+)
You are resistant to electric shocks. (rElec)
You can survive without breathing.
You are immune to petrification.
You are immune to rotting.


Message History

The ball python grabs you. The ball python constricts you.
You see here a stone.
It was a potion of curing.
You feel better.
The kobold throws a stone.
The stone barely misses you.
The stone hits the ball python but does no damage.
The ball python barely misses you. The ball python constricts you.
The gnoll closely misses you.
Casting: Sandblast
Confirm with . or Enter, or press ? or * to list all spells.
Aiming: Sandblast
Press: ? - help, Shift-Dir - straight line, f/p - gnoll
Aim: a gnoll, wielding a spear (moderately wounded, inner flame)
The blast of sand hits the ball python.
The ball python explodes!
The fiery explosion engulfs the gnoll.
The gnoll explodes!
Your Short Blades skill increases to level 1!
The fiery explosion engulfs you!
Ouch! That really hurt!
You die...

#...####.............
#.#..g....###...........
#.#.####g.##..g......%..
#.#.###..###..........K.
#........###............
#.#.####............(...
##### ##...............
#..<#.§§........
######§§@.......
###########


You could see a gnoll (wandering) and a kobold.

Vanquished Creatures
  2 gnolls (D:2)
  3 leopard geckos
  3 bats (D:1)
  4 giant cockroaches
  7 goblins (D:1)
  A hobgoblin (D:1)
  4 kobolds (D:1)
  A quokka (D:2)
  A frilled lizard (D:1)
  4 rats
30 creatures vanquished.

Notes
Turn   | Place    | Note
-------+----------+-------------------------------------------
     0 | D:1      | MaikelOrtega the Gargoyle Earth Elementalist began the quest for the Orb.
     0 | D:1      | Reached XP level 1. HP: 10/10 MP: 3/3
   245 | D:1      | Reached skill level 4 in Earth Magic
   279 | D:1      | Reached XP level 2. HP: 15/15 MP: 1/5
   323 | D:1      | Learned a level 2 spell: Passwall
   589 | D:1      | Found a shimmering altar of Xom.
   591 | D:1      | Found a snail-covered altar of Cheibriados.
   591 | D:1      | Found a deep blue altar of Sif Muna.
   593 | D:1      | Found a burning altar of Makhleb.
   593 | D:1      | Found a bloodstained altar of Trog.
   593 | D:1      | Found a blossoming altar of Fedhas.
   767 | D:1      | Reached XP level 3. HP: 16/19 MP: 3/6
  1295 | D:2      | Reached skill level 1 in Short Blades
  1295 | D:2      | Killed from afar by a ball python

Skill      XL: |  1  2  3 |
---------------+----------+-----
Earth Magic    | 4 |  4.3
Short Blades   | 1 |  1.0
Fighting       | |  0.2
Throwing       | |  0.3
Dodging        | |  1.7
Stealth        | |  2.2
Spellcasting   | |  2.6
Transmutations | |  0.8

Action                   || total
-------------------------++-------
Melee: Unarmed           ||     3
       Dagger            ||    26
Throw: Stone             ||    28
       Throwing net      ||     1
 Cast: Sandblast         ||    41
       Passwall          ||     3
  Use: Scroll            ||     2
       Potion            ||     1
  Eat: Beef jerky        ||     1
Armor: Robe              ||    36
Dodge: Dodged            ||    71
